 Dungeon Crawl Stone Soup version 0.30.1-11-g7821555f0a (webtiles) character file.

Game seed: 7672072213536888216

1601 comborobin the Cleaver (level 8, -3/68 HPs)
             Began as a Minotaur Delver on Nov 16, 2023.
             Was a Priest of Okawaru.
             Slain by an orc warrior
             ... wielding a +0 battleaxe
              (15 damage)
             ... in a bailey.
             The game lasted 00:05:56 (3342 turns).

comborobin the Cleaver (Minotaur Delver)            Turns: 3342, Time: 00:05:57

Health: -3/68      AC: 11    Str: 19    XL:     8   Next: 62%
Magic:  8/8        EV:  9    Int:  7    God:    Okawaru [***...]
Gold:   133        SH:  0    Dex: 18    Spells: 7/7 levels left

rFire   . . .        a - +2 halberd (vamp)
rCold   . . .        (shield currently unavailable)
rNeg    . . .        h - +0 chain mail
rPois   .            i - +1 hat
rElec   .            s - +0 cloak
rCorr   .            (no gloves)
SInv    .            (no boots)
Will    .....        (no amulet) Stlth
                     l - +6 ring of dexterity
HPRegen 0.31/turn    (no ring)
MPRegen 0.11/turn

%: no passive effects
@: no status effects
A: horns 2, retaliatory headbutt
a: Renounce Religion, Heroism


You were in a bailey.
You worshipped Okawaru.
Okawaru was most pleased with you.
You visited 2 branches of the dungeon, and saw 6 of its levels.
You also visited: Bailey.

You collected 133 gold pieces.

Inventory:

Hand Weapons
 a - a +2 vampiric halberd (weapon)
 k - a +0 war axe
 o - a +2 quarterstaff of chaos
 r - a +1 hand axe
Missiles
 m - a curare-tipped dart
 n - a throwing net (quivered)
Armour
 b - a +0 leather armour
 h - a +0 chain mail (worn)
 i - a +1 hat (worn)
 s - a +0 cloak (worn)
 t - a +0 scale mail
Jewellery
 l - a +6 ring of dexterity (left hand)
 p - a ring of resist corrosion
 u - a +6 ring of strength
Wands
 g - a wand of digging (3)
Scrolls
 c - a scroll of fog
 d - a scroll of magic mapping
 e - 2 scrolls of fear
 f - 2 scrolls of identify
 q - a scroll of acquirement {unknown}
Potions
 j - 2 potions of flight


   Skills:
 - Level 5.0 Fighting
 - Level 10.4(10.7) Axes
 * Level 3.5(7.5) Polearms
 - Level 2.7 Throwing
 + Level 4.0 Armour
 - Level 2.2 Dodging
 - Level 4.1 Stealth
 * Level 2.2 Invocations


You had 7 spell levels left.
You didn't know any spells.
Your spell library contained the following spells:

 Spells                   Type           Power      Damage    Failure   Level
 Ensorcelled Hibernation  Hex/Ice        0%         N/A       99%         2
 Gell's Gravitas          Tloc           0%         N/A       100%        3
 Spider Form              Tmut/Pois      0%         N/A       100%        3
 Stone Arrow              Conj/Erth      0%         3d7       100%        3
 Teleport Other           Tloc           0%         N/A       100%        3
 Anguish                  Hex/Necr       0%         N/A       100%        4
 Dispersal                Tloc           0%         N/A       100%        6
 Lehudib's Crystal Spear  Conj/Erth      0%         10d2      100%        8
 Animate Armour           Summ/Erth      Unusable   N/A       N/A         4

Dungeon Overview and Level Annotations

Branches:
Dungeon (7/15)             Temple (1/1) D:4          Bailey (1/1)

Altars:
Ashenzari
Elyvilon
Fedhas
Hepliaklqana
Kikubaaqudgha
Makhleb
Nemelex Xobeh
Okawaru
Qazlal
Sif Muna
Trog
Uskayaw
Wu Jian
Xom
Yredelemnul
Zin
The Shining One

Shops:
D:5 (

Annotations:
D:6 3 runed translucent doors, Azazsd's ghost, novice DsCK


Innate Abilities, Weirdness & Mutations

You have a pair of horns on your head.
You reflexively headbutt those who attack you in melee.


Message History

You kill the kobold!
No target in view!
No target in view!
No target in view!
You start resting.
A kobold is nearby!
The kobold shouts!
You see here a boomerang.
The kobold throws a boomerang.
The boomerang completely misses you.
The kobold throws a boomerang.
The boomerang hits you but does no damage.
You puncture the kobold!
You feel better.
You kill the kobold!
Okawaru accepts your kill.
No target in view!
You see here 2 boomerangs.
No target in view!
An orc warrior comes into view. It is wielding a +0 battleaxe.
An orc warrior is nearby!
The orc warrior shouts!
You see here 2 boomerangs.
You reach to attack!
You hit the orc warrior.
The orc warrior is lightly wounded.
You slash the orc warrior!
The orc warrior is heavily wounded.
The orc warrior hits you with a +0 battleaxe!
You hit the orc warrior but do no damage.
You headbutt the orc warrior.
The orc warrior is severely wounded.
The orc warrior hits you with a +0 battleaxe!!
You are too injured to fight recklessly!
You barely miss the orc warrior. Your headbutt misses the orc warrior.
The orc warrior is severely wounded.
The orc warrior barely misses you.
You closely miss the orc warrior.
The orc warrior is severely wounded.
The orc warrior hits you with a +0 battleaxe!!
* * * LOW HITPOINT WARNING * * *
The orc warrior hits you with a +0 battleaxe!
You die...

#### ...# #..
######.#############
........@o.........####
..#########.(.........##
##'#(........## #..#....⌠.....
#..###)......# .. '. ####..'
#.....### ≈.# #. ...
....###......### ≈≈.K#.
####'####..#...).≈≈≈≈≈≈
≈≈≈≈####....g..####((≈~≈≈≈≈≈≈≈


You could see an orc warrior.

Vanquished Creatures
  Sigmund (D:4)
  Eustachio (D:6)
  3 orc warriors (Bailey)
  2 black bears
  A phantom (D:6)
  2 kobold brigands (D:6)
  A bullfrog (D:6)
  Blork the orc (D:6)
  4 scorpions
  A jelly (D:7)
  Crazy Yiuf (D:4)
  A sleepcap (D:4)
  An iguana (D:6)
  3 orc wizards
  An adder (D:4)
  A gnoll (Bailey)
  A worm (D:4)
  A dart slug (D:4)
  10 orcs
  A bat (D:3)
  2 endoplasms (D:4)
  A giant cockroach (D:4)
  5 goblins
  3 hobgoblins
  16 kobolds
  3 ball pythons
  A rat (D:3)
69 creatures vanquished.

Notes
Turn   | Place    | Note
-------+----------+-------------------------------------------
     0 | D:5      | comborobin the Minotaur Delver began the quest for the Orb.
     0 | D:5      | Reached XP level 1. HP: 19/19 MP: 0/0
    34 | D:5      | Noticed a black bear
    68 | D:5      | Noticed a scorpion
    71 | D:5      | Found Qoli's Antique Weapon Shoppe.
   192 | D:5      | Reached skill level 3 in Axes
   257 | D:5      | Reached XP level 2. HP: 27/27 MP: 1/1
   311 | D:4      | Found a staircase to the Ecumenical Temple.
   318 | Temple   | Entered the Ecumenical Temple
   325 | Temple   | Became a worshipper of Warmaster Okawaru
   462 | D:5      | Noticed a scorpion
   488 | D:4      | Noticed Sigmund
   678 | D:3      | Found a broken altar of Ashenzari.
   679 | D:3      | Found a stormy altar of Qazlal.
   870 | D:4      | Reached skill level 4 in Axes
   897 | D:4      | Reached XP level 3. HP: 33/33 MP: 2/2
  1086 | D:4      | Killed Sigmund
  1086 | D:4      | Reached * piety under Okawaru
  1087 | D:4      | Reached skill level 7 in Axes
  1087 | D:4      | Reached XP level 4. HP: 40/40 MP: 3/3
  1087 | D:4      | Reached XP level 5. HP: 46/46 MP: 4/4
  1302 | D:4      | Found a runed translucent door.
  1303 | D:4      | Noticed Crazy Yiuf
  1379 | D:4      | Killed Crazy Yiuf
  1534 | D:5      | Reached XP level 6. HP: 32/52 MP: 5/5
  1653 | D:5      | Reached skill level 8 in Axes
  1811 | D:5      | Reached skill level 9 in Axes
  1951 | D:5      | Reached XP level 7. HP: 58/58 MP: 6/6
  2073 | D:6      | Noticed Eustachio
  2087 | D:6      | Killed Eustachio
  2087 | D:6      | Reached ** piety under Okawaru
  2088 | D:6      | Reached skill level 1 in Armour
  2266 | D:6      | Reached skill level 10 in Axes
  2545 | D:6      | Reached skill level 1 in Throwing
  2612 | D:6      | Reached XP level 8. HP: 54/67 MP: 7/7
  2656 | D:6      | Found a runed translucent gate.
  2657 | D:6      | Found a runed translucent gate.
  2659 | D:6      | Found a runed translucent gate.
  2661 | D:6      | Noticed Azazsd's ghost (novice DsCK)
  2773 | D:6      | Noticed Blork the orc
  2780 | D:6      | Killed Blork the orc
  3119 | D:6      | Reached skill level 5 in Fighting
  3119 | D:6      | Reached skill level 1 in Polearms
  3142 | D:7      | Found a flagged portal.
  3180 | Bailey   | Entered a bailey
  3195 | Bailey   | Identified the amulet "Lipoukloyl" {Spirit Str+4}
  3212 | Bailey   | Reached *** piety under Okawaru
  3213 | Bailey   | Reached skill level 1 in Invocations
  3342 | Bailey   | Slain by an orc warrior

Illustrated notes

Levels and vault maps discovered:
D:3:      layout_basic, nicolae_overflow_squiral
D:4:      layout_cave_pools, minmay_temple_entry_junction, uniq_sigmund,
          uniq_crazy_yiuf_cottage
D:5:      layout_rooms, serial_shops, shop
D:6:      layout_cave_pods, gammafunk_ghost_necromancy, uniq_blork_the_orc,
          uniq_eustachio
D:7:      layout_basic, enter_bailey_5, kennysheep_another_room,
          glass_columns_c, serial_bayou_lagoon_a, grunt_decor_arrowhead,
          chequers_serial_rivers_micro_b, grunt_decor_fettered,
          grunt_ministairs_4, minmay_holes, uniq_pikel
Temple:   nicolae_temple_no_exploring_needed
Bailey:   bailey_axe_4, bailey

Skill      XL: |  1  2  3  4  5  6  7  8 |
---------------+-------------------------+-----
Axes           | 3 4 7 9 10 | 10.4
Armour         | 2 4 |  4.0
Fighting       | 4 5 |  5.0
Throwing       | 1 2 |  2.7
Polearms       | 3 |  3.5
Invocations    | 2 |  2.2
Dodging        | |  2.2
Stealth        | |  4.1

Action                     |  1- 3 |  4- 6 |  7- 9 || total
---------------------------+-------+-------+-------++-------
  Melee: Hand axe          |    27 |     3 |       ||    30
         Headbutt          |    10 |     7 |    22 ||    39
         War axe           |    20 |    31 |    52 ||   103
         Punch             |     1 |       |       ||     1
         Unarmed           |       |     3 |       ||     3
         Quarterstaff      |       |     3 |       ||     3
         Halberd           |       |       |    73 ||    73
  Throw: Throwing net      |     1 |     1 |       ||     2
    Use: Scroll            |     4 |       |     1 ||     5
         Potion            |     2 |     1 |     2 ||     5
   Stab: Sleeping          |     3 |     1 |     1 ||     5
         Held in net/web   |     1 |       |       ||     1
         Distracted        |       |     1 |       ||     1
 Armour: Leather armour    |    11 |    16 |       ||    27
         Skin              |       |     1 |       ||     1
         Scale mail        |       |       |    34 ||    34
         Chain mail        |       |       |    29 ||    29
  Dodge: Dodged            |    35 |    13 |    82 ||   130
